 Dungeon Crawl Stone Soup version 0.28.0-47-ge53b351184 (webtiles) character file.

Game seed: 12395241813973815836

3831 101zpm the Thaumaturge (level 10, 0/62 HPs)
             Began as a Djinni Fire Elementalist on May 6, 2022.
             Was an Initiate of Hepliaklqana.
             Shot with a sling bullet by Joseph (10 damage)
             ... on level 8 of the Dungeon.
             The game lasted 00:29:40 (9228 turns).

101zpm the Thaumaturge (Djinni Fire Elementalist)   Turns: 9228, Time: 00:29:40

Health: 0/62       AC:  8    Str: 13    XL:     10   Next: 40%
Gold:   354        EV: 12    Int: 22    God:    Hepliaklqana [......] SH:  0 Dex: 13

rFire   + + +      SeeInvis .   a - staff of fire
rCold   x . .      Faith    .   (no shield)
rNeg    . . .      Spirit   .   l - +0 troll leather armour {Pargi}
rPois   ∞          Reflect  .   H - +0 helmet
rElec   .          Harm     .   F - +0 cloak
rCorr   .          Rampage  .   P - +0 pair of gloves
Will    +....                   (boots unavailable)
Stlth   ++........              f - amulet of regeneration
HPRegen 1.80/turn               B - ring of wizardry
MPRegen 0.00/turn               K - +6 ring of strength

@: flying
A: sickness immunity, fire resistance 2, cold vulnerability 1, float, innate
caster, HP casting, extra vitality 1
a: Renounce Religion


You were on level 8 of the Dungeon.
You worshipped Hepliaklqana.
Hepliaklqana was noncommittal.
You visited 2 branches of the dungeon, and saw 9 of its levels.
You also visited: Ossuary.

You collected 393 gold pieces.
You spent 39 gold pieces at shops.

Inventory:

Hand Weapons
 E - a +3 quarterstaff of chaos
 G - a +2 mace of draining
Missiles
 z - 2 throwing nets
Armour
 l - a +0 troll leather armour (worn) {Pargi}
 F - a +0 cloak (worn)
 H - a +0 helmet (worn)
 P - a +0 pair of gloves (worn)
Magical Staves
 a - a staff of fire (weapon)
Jewellery
 f - an amulet of regeneration (around neck)
 B - a ring of wizardry (left hand)
 J - a ring of fire
 K - a +6 ring of strength (right hand)
Wands
 k - a wand of paralysis (32)
 x - a wand of digging (7)
 M - a wand of flame (30)
Scrolls
 d - 4 scrolls of teleportation
 h - a scroll of silence {unknown}
 i - 6 scrolls of noise
 j - 3 scrolls of blinking
 q - 4 scrolls of brand weapon {unknown}
 r - a scroll of immolation {unknown}
 s - 2 scrolls of enchant weapon {unknown}
 v - a scroll of fog {unknown}
 y - 6 scrolls of identify
 C - a scroll of enchant armour {unknown}
 I - a scroll of holy word {unknown}
 L - 3 scrolls of vulnerability {unknown}
 N - a scroll of summoning {unknown}
 O - a scroll of torment {unknown}
Potions
 b - 2 potions of heal wounds {unknown}
 c - a potion of brilliance {unknown}
 e - 4 potions of might
 g - 4 potions of flight {unknown}
 m - 2 potions of magic {unknown}
 n - 2 potions of invisibility {unknown}
 o - 4 potions of haste {unknown}
 p - a potion of resistance {unknown}
 t - a potion of cancellation {unknown}
 u - 2 potions of attraction {unknown}
 w - a potion of berserk rage {unknown}
 A - 2 potions of curing
 D - a potion of lignification {unknown}


   Skills:
 + Level 1.1 Fighting
 + Level 3.8 Armour
 + Level 3.0 Dodging
 + Level 3.0 Stealth
 + Level 10.5 Spellcasting


You had 8 spell levels left.
You knew the following spells:

 Your Spells              Type           Power      Damage    Failure   Level
a - Foxfire               Conj/Fire      100%       2x1d9     1%          1
b - Scorch                Fire           100%       2d10      1%          2
c - Conjure Flame         Conj/Fire      72%        6-21      1%          3
d - Inner Flame           Hex/Fire       72%        N/A       1%          3
e - Flame Wave            Conj/Fire      72%        2d13      1%          4
f - Sandblast             Erth           100%       2d20      1%          1
g - Ensorcelled Hibernat  Hex/Ice        100%       N/A       1%          2
h - Searing Ray           Conj           100%       2d8       1%          2
i - Anguish               Hex/Necr       27%        N/A       1%          4
Your spell library was empty.

Dungeon Overview and Level Annotations

Branches:
Dungeon (8/15)             Temple (1/1) D:6         Ossuary (visited)
   Lair: D:8-11

Altars:
Ashenzari
Cheibriados
Dithmenos
Elyvilon
Fedhas
Gozag
Hepliaklqana
Kikubaaqudgha
Makhleb
Nemelex Xobeh
Okawaru
Qazlal
Ru
Sif Muna
Trog
Uskayaw
Vehumet
Xom
Yredelemnul
Zin
The Shining One

Shops:
D:4 *=!::*   D:6 *   D:7 *

Annotations:
D:8 Joseph


Innate Abilities, Weirdness & Mutations

You are immune to sickness and miasma.
You are immune to poison.
Your flesh is very heat resistant. (rF++)
You are vulnerable to cold. (rC-)
You float through the air rather than walking.
You learn spells naturally, not from books.
Your magical power is your life essence.
You have superior vitality. (+4 MHP)


Message History

The kobold is filled with an inner flame.
The foxfire hits the kobold.
The kobold explodes!
The fiery explosion engulfs your foxfire.
Your foxfire completely resists.
Casting: Inner Flame (safe; 1% risk of failure)
Confirm with . or Enter, or press ? or * to list all spells.
Aiming: Inner Flame (safe; 1% risk of failure)
Press: ? - help, Dir - move target, f - Joseph
Aim: Joseph, wielding a +4 vorpal hunting sling, wearing a +0 ring mail and quivering sling bullets (ally target, chance to affect: 91%)
You feel a surge of power!
Joseph is filled with an inner flame.
The foxfire hits Joseph.
Flame seeps out of Joseph.
Joseph is lightly wounded.
Joseph is engulfed in blazing flames.
Flame seeps out of Joseph.
Joseph shoots a sling bullet.
The sling bullet hits you.
Casting: Foxfire (safe; 1% risk of failure)
Press: ? - help, Q - select action, (/) - cycle Dir - look around, f - activate You feel a surge of power!
You conjure some foxfire!
Casting: Foxfire (safe; 1% risk of failure)
Press: ? - help, Q - select action, (/) - cycle Dir - look around, f - activate You feel a surge of power!
You conjure some foxfire!
Your foxfire dissipates!
Your foxfire dissipates!
The foxfire hits Joseph!
Flame seeps out of Joseph.
Joseph is heavily wounded.
The foxfire hits Joseph.
Flame seeps out of Joseph.
Joseph is heavily wounded.
Joseph is engulfed in blazing flames.
Flame seeps out of Joseph.
Joseph shoots a sling bullet.
The sling bullet hits you!
* * * LOW HITPOINT WARNING * * *
x2
Casting: Foxfire (safe; 1% risk of failure)
Confirm with . or Enter, or press ? or * to list all spells.
Aiming: Ensorcelled Hibernation (safe; 1% risk of failure)
Press: ? - help, Shift-Dir - straight line, f - Joseph
Aim: Joseph, wielding a +4 vorpal hunting sling, wearing a +0 ring mail and quivering sling bullets (flame, heavily wounded, inner flame, chance to affect: 54%) Joseph resists with some effort.
* * * LOW HITPOINT WARNING * * *
Joseph is engulfed in blazing flames.
Flame seeps out of Joseph.
Joseph shoots a sling bullet.
The sling bullet hits you!
You die...

#. .... #.# K..# #.#
.)@# . #.# )).# ..
#.# .).#... #.#
.).....
#.#####@K○.§..
##..§§§..§..§..
#...@.......§..
#)#######.##§.. #.#
#...#.# . #.# #.#.# #
#.# #.#.#
#.###v#.#########
#.....#.........#
###############.#####
#...........


You could see Joseph (inner flame) and a kobold.

Vanquished Creatures
  Pikel (D:4)
  Sigmund (D:5)
  Eustachio (D:5)
  4 yaks (D:7)
  Duvessa (D:4)
  An orc warrior (D:7)
  Pargi (D:4)
  An ice beast (D:7)
  2 necrophages
  2 centaurs
  An ogre (D:6)
  A phantom (D:5)
  2 lemures (D:4)
  2 kobold brigands
  3 scorpions
  A wyvern skeleton (D:5)
  Dowan (D:4)
  A water moccasin skeleton (D:4)
  6 wights
  A bullfrog zombie (D:6)
  4 centaur zombies
  A centaur skeleton (D:7)
  A bullfrog skeleton (D:5)
  A human zombie (Ossuary)
  An orc priest (D:5)
  Crazy Yiuf (D:2)
  A hound (D:5)
  A jelly (D:4)
  An iguana (D:4)
  4 orc wizards
  2 hound skeletons
  4 mummies (Ossuary)
  A howler monkey zombie (D:8)
  9 gnolls
  8 adders
  A shadow imp (D:8)
  2 white imps
  An ufetubus (D:6)
  An adder skeleton (D:4)
  3 worms
  2 dart slugs
  22 orcs
  3 endoplasms
  16 giant cockroaches
  8 goblins
  7 hobgoblins
  13 jackals
  2 quokkas
  7 ball pythons
  4 bats
  3 frilled lizards
  A goblin zombie (Ossuary)
  2 hobgoblin zombies (Ossuary)
  A jackal zombie (D:4)
  17 kobolds
  3 kobold zombies
  An orc zombie (D:4)
  6 rats
200 creatures vanquished.

Vanquished Creatures (collateral kills)
  3 foxfires (D:3)
3 creatures vanquished.

Vanquished Creatures (others)
  An iron imp (D:3)
  An orc (D:7)
  745 foxfires
747 creatures vanquished.

Grand Total: 950 creatures vanquished

Notes
Turn   | Place    | Note
-------+----------+-------------------------------------------
     0 | D:1      | 101zpm the Djinni Fire Elementalist began the quest for the
                  | Orb.
     0 | D:1      | Reached XP level 1. HP: 15/15 MP: 0/0
   394 | D:1      | Reached XP level 2. HP: 19/21 MP: 0/0
  1167 | D:1      | Reached skill level 3 in Spellcasting
  1397 | D:1      | Reached XP level 3. HP: 24/25 MP: 0/0
  1397 | D:1      | Learned a level 1 spell: Sandblast
  1718 | D:2      | Reached XP level 4. HP: 27/31 MP: 0/0
  2380 | D:2      | Found a runed translucent door.
  2381 | D:2      | Noticed Crazy Yiuf
  2928 | D:3      | Noticed a scorpion
  2940 | D:3      | Found a hide-covered altar of Uskayaw.
  2956 | D:3      | Killed a scorpion
  2957 | D:3      | Reached skill level 4 in Spellcasting
  2957 | D:3      | Reached XP level 5. HP: 24/35 MP: 0/0
  2957 | D:3      | Learned a level 2 spell: Ensorcelled Hibernation
  3043 | D:3      | HP: 1/35 [cloud of flame (9)]
  3328 | D:4      | Reached XP level 6. HP: 38/40 MP: 0/0
  3443 | D:4      | Reached skill level 5 in Spellcasting
  3470 | D:4      | Found Komubof's Jewellery Boutique.
  3471 | D:4      | Found Joreott's Book Shop.
  3472 | D:4      | Found Isou's Assorted Antiques.
  3472 | D:4      | Found Laurph's Distillery.
  3483 | D:4      | Noticed Pikel
  3488 | D:4      | Killed Pikel
  3489 | D:4      | Reached skill level 6 in Spellcasting
  3489 | D:4      | Reached XP level 7. HP: 36/46 MP: 0/0
  3489 | D:4      | Learned a level 2 spell: Searing Ray
  3489 | D:4      | Reached XP level 8. HP: 40/51 MP: 0/0
  3501 | D:4      | Found Deeng's General Store.
  3501 | D:4      | Found Zaloed's Book Shoppe.
  3515 | D:4      | Bought a scroll of identify for 26 gold pieces
  3515 | D:4      | Bought a scroll of noise for 13 gold pieces
  3767 | D:4      | Noticed Pargi
  3775 | D:4      | Killed Pargi
  3861 | D:4      | Found a sand-covered staircase.
  3875 | Ossuary  | Entered an ossuary
  3959 | Ossuary  | Reached skill level 7 in Spellcasting
  4364 | D:4      | Reached skill level 1 in Armour
  4490 | D:4      | Found a glowing silver altar of Zin.
  4490 | D:4      | Noticed Duvessa
  4492 | D:4      | Noticed Dowan
  4497 | D:4      | Killed Dowan
  4498 | D:4      | Killed Duvessa
  4499 | D:4      | Reached skill level 1 in Fighting
  4826 | D:3      | Found a hazy altar of Hepliaklqana.
  4874 | D:3      | Found a snail-covered altar of Cheibriados.
  5184 | D:3      | Found a bloodstained altar of Trog.
  5189 | D:3      | Found a burning altar of Makhleb.
  5193 | D:3      | Found a basalt altar of Yredelemnul.
  5264 | D:3      | Found a faded altar of an unknown god.
  5264 | D:3      | Noticed an ice devil
  5295 | D:5      | Entered Level 5 of the Dungeon
  5298 | D:5      | Reached XP level 9. HP: 56/57 MP: 0/0
  5298 | D:5      | Learned a level 4 spell: Anguish
  5308 | D:5      | Noticed Eustachio
  5311 | D:5      | Killed Eustachio
  5312 | D:5      | Reached skill level 8 in Spellcasting
  5599 | D:5      | Noticed Sigmund
  5603 | D:5      | Killed Sigmund
  5604 | D:5      | Reached skill level 9 in Spellcasting
  5717 | D:5      | Found a stormy altar of Qazlal.
  6000 | D:2      | Killed Crazy Yiuf
  6721 | D:6      | Found a shadowy altar of Dithmenos.
  6773 | D:6      | Found Nyf Ett's Neck Hole.
  6875 | D:6      | Found a staircase to the Ecumenical Temple.
  7547 | D:7      | Reached XP level 10. HP: 58/62 MP: 0/0
  7560 | D:7      | Reached skill level 10 in Spellcasting
  7770 | D:7      | Found Isoa's Lightly-Used Armoury.
  8498 | Temple   | Entered the Ecumenical Temple
  8816 | D:3      | Became a worshipper of Hepliaklqana the Forgotten
  9148 | D:8      | Found a broken altar of Ashenzari.
  9217 | D:8      | Noticed Joseph
  9228 | D:8      | Shot with a sling bullet by Joseph

Illustrated notes

Levels and vault maps discovered:
D:1:      dpeg_arrival_boxorama, layout_loops_cross, columned_hall_lemuel
D:2:      minmay_roachtagon, layout_loops_corners, uniq_crazy_yiuf_cottage
D:3:      minmay_general_purpose_star, layout_basic,
          mainiacjoe_overflow_brackets, chei_slow_surprise,
          mainiacjoe_overflow_catwalk, grunt_temple_overflow_diamond,
          dreamdust_ecumenical_altar_sealed_demon
D:4:      layout_layer_cave, zin_treasury, enter_ossuary_3,
          nicolae_wooded_promenade, uniq_pargi, uniq_duvessa, uniq_pikel
D:5:      layout_cave_pools, nicolae_qazlal_style_of_elements,
          minmay_misc_feat_more_columns, uniq_sigmund, uniq_eustachio
D:6:      layout_loops_ring, nicolae_dithmenos_shadow_blocks,
          minmay_temple_entry_poolview, nicolae_shop_sticking_my_neck_out
D:7:      layout_loops_corners, minmay_shop_damaged,
          chequers_hall_statues_wall_a, lemuel_old_faithful
D:8:      layout_basic, kennysheep_little_box, ashenzari_altar_1,
          mainiacjoe_overflow_small_starburst, uniq_gastronok, uniq_joseph
Temple:   jpeg_temple_alley_garden

Skill      XL: |  1  2  3  4  5  6  7  8  9 10 |
---------------+-------------------------------+-----
Spellcasting   | 3 4 6 7 9 10 | 10.5
Stealth        | 2 3 |  3.0
Armour         | 2 3 |  3.8
Fighting       | 1 |  1.1
Dodging        | 3 |  3.0

Action                   |  1- 3 |  4- 6 |  7- 9 | 10-12 || total
-------------------------+-------+-------+-------+-------++-------
Melee: Unarmed           |     5 |       |       |       ||     5
 Cast: Foxfire           |    81 |   119 |   264 |    83 ||   547
       Scorch            |    11 |    15 |    52 |    13 ||    91
       Inner Flame       |       |    15 |    66 |    24 ||   105
       Flame Wave        |       |       |     6 |       ||     6
       Anguish           |       |       |     3 |       ||     3
       Ensorcelled Hiber |       |       |       |     1 ||     1
  Use: Scroll            |       |       |     2 |       ||     2
Armor: Robe              |     1 |     1 |       |       ||     2
       Troll leather arm |       |       |    14 |       ||    14
Dodge: Dodged            |     7 |     8 |    26 |     1 ||    42
